Map: Acropolis LE

Players

Rob - Winner!

  • Race: Protoss Protoss
  • Spawn Location: 5:00

Caerwyn

  • Race: Terran Terran
  • Spawn Location: 11:00

VOD

Have the link to the VOD?

Description

Time

  • Played on: Sept. 6, 2019, 2:06 p.m.
  • Length: 4:13
Show
View Real Time Build Order
Export as new Build Order

Rob Protoss - Winner!

Build Orders: 1 Gate Expand, Double Forge 

Get SALT Encoding   

  12  0:01  Probe  
  13  0:13  Probe  
  14  0:18  Pylon  
  14  0:24  Probe  
  15  0:32  Probe  
  15  0:37  Gateway  
  15  0:40  Probe  
  16  0:46  Assimilator  
  17  0:51  Probe  
  18  1:03  Probe  
  19  1:15  Probe  
  20  1:23  Nexus  
  20  1:31  Probe  
  20  1:33  Cybernetics Core  
  21  1:40  Probe  
  21  1:41  Assimilator  
  22  1:52  Probe  
  22  1:54  Pylon  
  23  2:09  Adept  
  23  2:11  Warp Gate  
  23  2:12  Probe  
  26  2:24  Probe  
  26  2:25  Twilight Council  
  27  2:31  Stalker  
  27  2:35  Probe  
  27  2:36  Probe  
  31  2:47  Probe  
  31  2:48  Probe  
  33  2:59  Probe  
  33  3:00  Probe  
  35  3:11  Probe  
  35  3:12  Probe  
  37  3:17  Gateway  
  37  3:19  Gateway, Probe  
  37  3:24  Probe, Stalker  
  41  3:27  Probe  
  41  3:28  Pylon  
  42  3:36  Probe  
  43  3:49  Probe x2  
  45  3:56  Forge  
  45  3:58  Forge  
  45  4:00  Robotics Facility  
Show
View Real Time Build Order
Export as new Build Order

Caerwyn Terran 

Build Orders: Reaper Expand 

Get SALT Encoding   

  12  0:00  SCV  
  13  0:13  SCV  
  14  0:23  Supply Depot  
  14  0:25  SCV  
  15  0:45  Barracks, SCV  
  16  0:53  Barracks  
  16  0:54  Refinery  
  16  0:57  SCV  
  17  1:09  SCV  
  18  1:21  SCV  
  19  1:40  Orbital Command, Reaper  
  20  1:50  Command Center  
  20  2:06  SCV  
  21  2:12  Supply Depot  
  21  2:14  Barracks Reactor  
  21  2:18  SCV  
  21  2:21  Barracks  
  22  2:30  Barracks  
  22  2:36  SCV  
  23  2:41  Engineering Bay  
  23  2:48  SCV  
  24  2:56  Marine x2  
  26  3:00  SCV  
  27  3:08  Barracks Tech Lab  
  27  3:12  Bunker, Orbital Command, SCV  
  27  3:15  Marine  
  27  3:18  Marine  
  29  3:21  Marine  
  29  3:26  SCV  
  31  3:30  Marine  
  32  3:36  Marine  
  29  3:50  Marine  
  29  3:54  SCV x2  
  32  3:57  Barracks Tech Lab  
Tags
 
Add a new tag
Caveats
  • Supply blocks, unpowered buildings, or Contaminate may cause inaccurate times.
  • Supply counts are checked every 10 seconds.